Map: Dusk Towers

Players

Bobby

  • Race: Terran Terran
  • League: Grandmaster

State - Winner!

  • Race: Protoss Protoss
  • League: Grandmaster

VOD

https://www.youtube.com/watch?v=xr9CONa0jhw

Description

Time

  • Played on: Dec. 28, 2015, 2:54 a.m.
  • Length: 12:03
Show
View Real Time Build Order
Export as new Build Order

Bobby Terran 

Build Orders: MMM Bio 

Get SALT Encoding   

  12  0:00  SCV  
  13  0:12  SCV  
  14  0:16  Supply Depot  
  14  0:25  SCV  
  15  0:38  SCV  
  15  0:39  Barracks  
  16  0:50  SCV  
  17  1:02  SCV  
  18  1:05  Refinery  
  18  1:14  SCV  
  19  1:27  Orbital Command  
  19  1:28  Marine  
  20  1:38  Command Center  
  20  1:48  Supply Depot  
  20  1:51  Barracks Reactor  
  20  1:55  SCV  
  21  2:07  SCV  
  22  2:19  SCV  
  23  2:26  Command Center  
  23  2:31  SCV  
  23  2:33  Marine x2  
  26  2:39  Factory  
  26  2:43  SCV  
  27  2:45  Refinery  
  27  2:51  Marine  
  28  2:53  Marine  
  28  2:58  Orbital Command  
  29  3:03  SCV  
  30  3:12  Marine x2  
  31  3:15  SCV  
  33  3:24  Starport  
  33  3:25  Factory Tech Lab  
  33  3:26  SCV  
  34  3:27  SCV  
  35  3:38  SCV, Orbital Command  
  36  3:42  SCV  
  36  3:48  Marine x2  
  38  3:50  SCV  
  38  3:54  SCV  
  41  3:55  Factory Tech Lab  
  41  4:02  SCV  
  42  4:04  SCV  
  42  4:06  SCV  
  42  4:07  Marine  
  42  4:08  Raven, Marine  
  47  4:14  Refinery  
  47  4:16  Siege Tank, Refinery  
  51  4:17  SCV x2  
  51  4:18  SCV  
  51  4:20  Supply Depot  
  53  4:25  Marine x2  
  55  4:33  SCV x2  
  55  4:34  SCV  
  58  4:41  Barracks  
  58  4:42  Barracks  
  58  4:45  SCV x2, Marine, Liberator  
  60  4:46  Marine  
  60  4:48  Siege Tank  
  65  4:54  SCV  
  66  5:00  Engineering Bay  
  66  5:01  Engineering Bay  
  66  5:06  SCV x2  
  65  5:09  SCV  
  66  5:18  SCV x2  
  68  5:22  Supply Depot  
  68  5:23  Supply Depot  
  68  5:27  SCV  
  68  5:30  SCV  
  68  5:35  Terran Infantry Weapons Level 1, Terran Infantry Armor Level 1  
  69  5:41  Factory Reactor  
  69  5:42  Stimpack  
  69  5:44  SCV, Marauder x2, Marine x2  
  76  5:50  SCV  
  76  5:53  Supply Depot  
  77  5:58  Starport Reactor  
  77  6:02  Barracks, Marine x2  
  77  6:03  SCV x2  
  81  6:04  Barracks  
  81  6:05  Orbital Command  
  81  6:06  Marauder  
  85  6:11  Marauder  
  85  6:13  Combat Shields  
  85  6:17  Widow Mine  
  85  6:18  Widow Mine  
  89  6:19  Marine x2  
  91  6:30  Marauder  
  91  6:32  Marine  
  91  6:35  SCV x2  
  91  6:37  Marine  
  93  6:44  Supply Depot x2, Medivac x2, Marine  
  93  6:46  Armory  
  98  6:50  Marauder  
  98  6:52  Barracks Reactor, Barracks Tech Lab  
  98  6:53  Marauder  
  102  6:54  SCV  
  102  6:56  SCV  
  102  6:58  Liberator  
  104  7:04  Missile Turret  
  104  7:07  Missile Turret  
  104  7:14  Concussive Shells  
  104  7:15  SCV x2, Liberator  
  108  7:17  SCV  
  108  7:20  Refinery x2  
  112  7:28  Supply Depot  
  112  7:30  Supply Depot, Marauder, Marine  
  112  7:34  SCV x2  
  118  7:38  SCV  
  118  7:39  Terran Infantry Weapons Level 2  
  119  7:46  SCV x2  
  119  7:48  Terran Infantry Armor Level 2  
  119  7:50  SCV  
  122  7:53  Supply Depot  
  122  7:55  Supply Depot, Liberator  
  122  7:57  Marauder x3  
  122  7:58  SCV, Liberator  
  129  8:01  SCV  
  129  8:02  SCV  
  129  8:05  Marine x2  
  133  8:06  Marine x2  
  138  8:18  Marauder  
  143  8:22  Marine  
  143  8:23  Marauder  
  146  8:28  Marine x3  
  149  8:35  Supply Depot x2, Missile Turret  
  149  8:36  Supply Depot  
  149  8:38  Barracks  
  149  8:39  Marauder  
  149  8:41  Barracks, Marauder  
  152  8:47  Marauder, Marine x3  
  157  8:56  Marine, Widow Mine x2  
  157  9:01  Marauder  
  157  9:02  Marauder  
  166  9:03  Supply Depot, Medivac x2  
  166  9:05  Supply Depot, Marine  
  166  9:06  Terran Ship Weapons Level 1  
  171  9:13  Missile Turret  
  171  9:15  Supply Depot  
  171  9:16  Supply Depot, Marauder  
  173  9:30  Marine  
  173  9:31  Marauder  
  176  9:35  Marauder, Marine x2  
  176  9:36  Barracks Tech Lab x2  
  176  9:37  Marauder  
  182  9:40  Medivac x2  
  182  9:41  Marine  
  182  9:44  Starport  
  183  9:52  Marauder  
  165  9:53  Liberator x2  
  165  9:57  Marine  
  165  9:58  Marauder x2, Widow Mine x2, Marine x3  
  182  10:20  Marauder, Marine x3  
  182  10:21  Marauder x3  
  190  10:45  Barracks Reactor, Marine  
  190  10:46  Marine, Marauder x4  
  200  10:51  Liberator  
  200  10:52  Liberator  
  178  11:08  Marauder x3, Marine x2  
  150  11:19  Marauder  
  150  11:20  Marauder  
  150  11:23  Orbital Command  
  148  11:26  Marine x2  
  148  11:29  Marine  
  147  11:43  Marine x2  
Show
View Real Time Build Order
Export as new Build Order

State Protoss - Winner!

Build Orders: 1 Gate Expand, Blink Stalkers 

Get SALT Encoding   

  12  0:00  Probe (Chrono Boost)  
  13  0:11  Probe (Chrono Boost)  
  14  0:19  Pylon  
  14  0:22  Probe (Chrono Boost)  
  15  0:37  Probe (Chrono Boost), Gateway  
  16  0:43  Assimilator  
  16  0:47  Probe (Chrono Boost)  
  17  0:58  Probe (Chrono Boost)  
  18  1:08  Probe (Chrono Boost)  
  19  1:17  Nexus  
  19  1:20  Probe (Chrono Boost)  
  20  1:32  Cybernetics Core  
  20  1:33  Probe (Chrono Boost)  
  21  1:44  Probe (Chrono Boost)  
  22  1:48  Assimilator  
  22  1:49  Pylon  
  22  1:54  Probe (Chrono Boost)  
  23  2:05  Probe (Chrono Boost)  
  23  2:09  Adept  
  23  2:10  Warp Gate  
  25  2:16  Probe (Chrono Boost)  
  26  2:25  Twilight Council  
  26  2:27  Probe (Chrono Boost)  
  28  2:38  Probe (Chrono Boost), Adept  
  28  2:39  Probe (Chrono Boost)  
  31  2:47  Robotics Facility  
  31  2:49  Probe (Chrono Boost)  
  31  2:50  Probe (Chrono Boost)  
  33  2:59  Probe (Chrono Boost)  
  33  3:00  Probe (Chrono Boost), Blink  
  35  3:10  Probe (Chrono Boost)  
  35  3:11  Probe (Chrono Boost)  
  37  3:20  Probe (Chrono Boost)  
  37  3:24  Gateway x2, Probe (Chrono Boost)  
  39  3:31  Probe (Chrono Boost)  
  39  3:34  Pylon  
  40  3:35  Probe (Chrono Boost)  
  40  3:39  Warp Prism (Chrono Boost)  
  43  3:45  Probe  
  44  3:50  Assimilator  
  44  3:51  Probe  
  44  3:52  Assimilator  
  45  3:56  Pylon  
  45  3:59  Mothership Core  
  47  4:03  Probe  
  48  4:16  Probe  
  49  4:19  Stalker  
  49  4:20  Probe, Observer (Chrono Boost)  
  49  4:21  Stalker  
  49  4:22  Stalker  
  57  4:26  Pylon  
  57  4:28  Probe  
  58  4:32  Probe, Pylon  
  59  4:40  Probe  
  59  4:41  Observer (Chrono Boost)  
  59  4:44  Adept x2  
  59  4:45  Probe  
  66  4:55  Nexus  
  66  4:56  Probe  
  66  4:57  Probe  
  68  5:08  Probe  
  68  5:09  Probe  
  70  5:14  Stalker x2  
  70  5:15  Stalker  
  70  5:16  Observer (Chrono Boost)  
  70  5:19  Pylon  
  70  5:21  Probe  
  78  5:27  Forge  
  78  5:28  Forge  
  78  5:34  Pylon  
  78  5:37  Probe x2, Assimilator  
  78  5:39  Assimilator  
  78  5:40  Observer (Chrono Boost)  
  81  5:49  Probe x2, Charge  
  83  6:01  Probe x2, Protoss Ground Weapons Level 1 (Chrono Boost), Pylon, Protoss Ground Armor Level 1 (Chrono Boost)  
  85  6:07  Probe, Immortal (Chrono Boost)  
  90  6:13  Probe x2  
  92  6:24  Probe  
  85  6:36  Probe x2  
  85  6:37  Assimilator  
  87  6:40  Stalker x3, Assimilator  
  87  6:41  Probe  
  94  6:47  Gateway  
  94  6:48  Probe  
  94  6:49  Gateway  
  94  6:51  Gateway  
  94  6:52  Gateway  
  94  6:53  Gateway, Pylon  
  95  6:56  Immortal (Chrono Boost)  
  95  7:00  Probe  
  100  7:03  Templar Archives  
  100  7:07  Gateway  
  100  7:08  Gateway  
  100  7:10  Pylon  
  100  7:18  Sentry x2  
  100  7:19  Zealot  
  106  7:26  Probe x2  
  106  7:29  Immortal  
  112  7:38  Psionic Storm  
  112  7:39  Probe x2  
  112  7:41  Sentry  
  112  7:42  High Templar x2  
  120  7:45  Adept  
  122  7:52  Gateway  
  122  7:53  Gateway x2  
  122  7:57  Gateway  
  122  7:58  Pylon  
  122  8:00  Pylon  
  122  8:01  Protoss Ground Armor Level 2 (Chrono Boost), Protoss Ground Weapons Level 2 (Chrono Boost)  
  122  8:18  Stalker  
  122  8:19  Stalker x5  
  122  8:35  Nexus  
  122  8:38  Pylon  
  122  8:40  Pylon  
  122  8:41  Zealot x4  
  122  8:42  High Templar x2  
  122  8:43  Zealot x2  
  138  9:00  Pylon  
  138  9:01  Pylon  
  138  9:05  Zealot x6, High Templar  
  138  9:06  High Templar  
  138  9:08  High Templar x2  
  158  9:27  Stalker x6  
  170  9:33  Immortal  
  156  9:53  Zealot  
  156  9:54  Zealot x8  
  172  10:07  Assimilator  
  172  10:12  Assimilator  
  172  10:23  Stalker x7  
  178  10:43  Zealot x4  
  178  10:44  Zealot x3  
  178  10:47  Probe x2  
  178  10:48  Probe  
  175  11:19  Zealot x2  
  175  11:20  Zealot x6  
  191  11:30  Stalker x2  
  191  11:32  Probe  
  186  11:44  Stalker x8  
  186  11:45  Stalker x2  
Tags
 
Add a new tag
Caveats
  • Supply blocks, unpowered buildings, or Contaminate may cause inaccurate times.
  • Supply counts are checked every 10 seconds.